Map: Ruins of Seras

Players

Lilbow - Winner!

  • Race: Protoss Protoss
  • League: Grandmaster

Nerchio

  • Race: Zerg Zerg
  • League: Grandmaster

Event: DreamHack ZOWIE Open Leipzig

VOD

Have the link to the VOD?

Description

Time

  • Played on: Jan. 22, 2016, 11:41 a.m.
  • Length: 13:34

All games in this series

Show
View Real Time Build Order
Export as new Build Order

Lilbow Protoss - Winner!

Build Orders: 1 Gate Expand 

Get SALT Encoding   

  12  0:00  Probe (Chrono Boost)  
  13  0:11  Probe (Chrono Boost)  
  14  0:17  Pylon  
  14  0:22  Probe (Chrono Boost)  
  16  0:35  Probe (Chrono Boost)  
  16  0:39  Gateway  
  16  0:46  Probe (Chrono Boost)  
  17  0:57  Probe (Chrono Boost)  
  18  1:07  Probe (Chrono Boost)  
  19  1:15  Nexus  
  19  1:19  Probe (Chrono Boost)  
  20  1:30  Probe (Chrono Boost)  
  20  1:32  Cybernetics Core  
  21  1:37  Assimilator  
  21  1:41  Probe (Chrono Boost)  
  22  1:48  Pylon  
  22  1:51  Assimilator  
  23  1:54  Probe (Chrono Boost)  
  23  2:06  Probe (Chrono Boost)  
  24  2:10  Adept (Chrono Boost)  
  26  2:17  Probe  
  26  2:21  Warp Gate (Chrono Boost)  
  27  2:26  Probe  
  27  2:29  Probe  
  29  2:34  Adept (Chrono Boost)  
  29  2:36  Probe  
  31  2:41  Probe  
  33  2:46  Gateway  
  33  2:47  Probe  
  33  2:49  Gateway  
  34  2:53  Probe  
  34  2:57  Probe  
  35  3:00  Pylon  
  36  3:06  Probe  
  36  3:08  Probe  
  38  3:18  Probe x2  
  39  3:25  Stargate  
  40  3:29  Probe  
  40  3:30  Probe  
  42  3:34  Adept x2  
  42  3:36  Adept  
  42  3:39  Probe  
  49  3:42  Mothership Core, Pylon  
  49  3:47  Assimilator  
  51  3:50  Probe  
  52  4:00  Assimilator  
  52  4:01  Probe  
  53  4:03  Probe  
  53  4:05  Pylon  
  53  4:08  Oracle (Chrono Boost)  
  57  4:13  Probe  
  57  4:14  Adept x2  
  62  4:17  Probe  
  62  4:24  Sentry  
  62  4:25  Probe  
  62  4:29  Probe  
  66  4:34  Pylon  
  66  4:35  Zealot  
  66  4:37  Probe  
  69  4:41  Probe, Nexus  
  70  4:51  Pylon  
  70  4:52  Probe  
  71  4:53  Probe  
  70  5:04  Probe  
  70  5:05  Probe  
  70  5:10  Twilight Council  
  70  5:11  Sentry x2, Stalker  
  76  5:16  Probe  
  76  5:18  Probe  
  76  5:19  Pylon  
  76  5:21  Pylon  
  78  5:25  Void Ray (Chrono Boost)  
  78  5:29  Probe  
  78  5:30  Probe  
  78  5:35  Sentry  
  86  5:39  Stalker x2  
  86  5:41  Probe  
  91  5:44  Pylon  
  91  5:48  Blink (Chrono Boost)  
  91  5:54  Probe  
  91  5:55  Probe  
  91  5:56  Probe  
  94  6:02  Stalker x3  
  100  6:05  Probe  
  100  6:07  Probe  
  100  6:08  Probe  
  100  6:09  Gateway  
  103  6:18  Gateway  
  103  6:25  Stalker x2, Probe x2, Assimilator  
  105  6:26  Stalker  
  111  6:34  Gateway x2  
  111  6:37  Gateway  
  111  6:49  Stalker x3  
  117  7:00  Pylon  
  117  7:03  Pylon  
  117  7:04  Pylon  
  117  7:05  Pylon  
  117  7:10  Zealot  
  117  7:13  Stalker  
  117  7:14  Stalker x2  
  125  7:36  Void Ray  
  125  7:39  Stalker x3  
  125  7:40  Stalker x4  
  112  8:10  Stalker  
  112  8:11  Stalker x7  
  112  8:13  Void Ray  
  112  8:27  Probe x3  
  113  8:29  Assimilator  
  115  8:35  Forge  
  115  8:40  Stalker  
  115  8:41  Stalker x6  
  121  8:43  Stalker  
  121  8:46  Nexus  
  131  8:49  Pylon  
  131  9:06  Stalker  
  131  9:07  Stalker x6  
  131  9:09  Stalker  
  129  9:39  Void Ray  
  129  9:43  Stalker x5  
  129  9:44  Stalker x3  
  135  9:49  Protoss Ground Weapons Level 1 (Chrono Boost)  
  133  10:03  Assimilator  
  133  10:05  Robotics Facility  
  133  10:07  Assimilator  
  131  10:26  Robotics Facility  
  131  10:27  Pylon  
  131  10:29  Photon Cannon  
  131  10:31  Photon Cannon  
  131  10:32  Stalker x3  
  131  10:33  Stalker x4  
  131  10:34  Stalker  
  147  10:56  Robotics Bay  
  147  11:04  Stalker x3  
  149  11:05  Stalker x5  
  149  11:11  Photon Cannon  
  163  11:13  Observer (Chrono Boost), Warp Prism (Chrono Boost)  
  163  11:14  Photon Cannon  
  163  11:16  Pylon  
  158  11:43  Disruptor (Chrono Boost)  
  158  11:45  Disruptor (Chrono Boost)  
  164  11:47  Zealot x4  
  170  12:04  Stalker x3  
  172  12:14  Disruptor (Chrono Boost)  
  163  12:16  Disruptor (Chrono Boost)  
  163  12:22  Stalker x2  
  164  12:23  Stalker x2  
  156  12:40  Stalker x4  
  148  12:49  Stalker x3  
  128  12:55  Probe  
  128  12:57  Probe x3  
  118  13:06  Probe  
  118  13:07  Stalker x4  
  118  13:09  Stalker, Probe x3  
  130  13:15  Stalker x3  
Show
View Real Time Build Order
Export as new Build Order

Nerchio Zerg 

Build Orders: Hatch First 

Get SALT Encoding   

  12  0:00  Drone  
  13  0:12  Overlord  
  13  0:18  Drone  
  14  0:31  Drone x2  
  14  0:34  Drone  
  17  0:53  Hatchery  
  17  0:55  Drone  
  17  0:58  Drone  
  17  1:02  Extractor  
  17  1:14  Spawning Pool  
  17  1:18  Drone  
  17  1:21  Drone  
  18  1:28  Drone  
  19  1:38  Overlord  
  19  2:00  Queen  
  21  2:02  Zergling x2  
  21  2:04  Queen  
  21  2:05  Metabolic Boost  
  21  2:08  Drone  
  25  2:12  Drone  
  25  2:14  Drone  
  27  2:18  Drone  
  28  2:24  Drone  
  28  2:26  Zergling x2  
  30  2:36  Zergling x2  
  31  2:43  Hatchery  
  30  2:48  Zergling x4  
  31  2:52  Drone  
  31  2:54  Overlord  
  31  2:58  Drone  
  33  3:05  Queen  
  35  3:13  Drone  
  35  3:14  Drone x2  
  35  3:15  Drone  
  35  3:17  Drone  
  40  3:20  Drone  
  40  3:22  Drone  
  42  3:29  Overlord  
  42  3:30  Drone  
  42  3:31  Drone  
  44  3:37  Overlord  
  44  3:46  Queen  
  46  3:49  Drone  
  46  3:50  Roach Warren  
  46  3:53  Drone x2, Extractor  
  47  3:55  Drone  
  47  3:57  Drone  
  47  3:59  Drone  
  47  4:00  Drone  
  51  4:05  Overlord  
  51  4:18  Zergling x10  
  56  4:29  Drone x3  
  59  4:32  Roach x5  
  59  4:36  Spore Crawler  
  68  4:41  Spore Crawler  
  68  4:43  Roach x2  
  70  4:49  Roach  
  70  4:50  Roach x2  
  73  4:55  Zergling x6  
  71  5:01  Drone x2  
  73  5:08  Overlord x2  
  73  5:09  Overlord  
  73  5:15  Lair  
  73  5:20  Overlord  
  73  5:28  Drone  
  73  5:29  Drone x4  
  73  5:33  Drone  
  73  5:34  Drone x2  
  79  5:36  Drone  
  79  5:37  Drone  
  79  5:38  Drone  
  79  5:42  Drone x3, Extractor  
  84  5:43  Drone  
  84  5:45  Drone, Extractor  
  84  5:46  Evolution Chamber, Drone  
  85  5:55  Drone  
  85  5:56  Drone x3  
  89  5:59  Spore Crawler  
  89  6:02  Overlord  
  88  6:07  Drone x2  
  88  6:08  Drone x4  
  94  6:11  Extractor  
  94  6:12  Overlord x2, Extractor  
  94  6:15  Overseer  
  92  6:19  Zerg Missile Weapons Level 1  
  92  6:20  Glial Reconstitution  
  92  6:22  Hydralisk Den  
  92  6:24  Drone x2  
  93  6:26  Roach x2  
  97  6:42  Roach x4  
  97  6:44  Hatchery  
  97  6:45  Overlord  
  97  6:46  Overseer  
  104  6:49  Overlord  
  104  6:53  Drone x2  
  106  6:57  Muscular Augments  
  106  6:58  Hydralisk x2  
  106  7:01  Ravager x4  
  113  7:03  Overlord x4  
  113  7:06  Roach  
  113  7:08  Roach  
  118  7:09  Roach  
  118  7:12  Roach  
  118  7:14  Roach, Zergling x2  
  118  7:15  Zergling x2  
  126  7:18  Roach  
  126  7:21  Overlord x2  
  128  7:23  Roach  
  128  7:25  Roach  
  128  7:27  Roach  
  136  7:30  Roach  
  133  7:37  Roach x3  
  133  7:39  Roach x3  
  133  7:40  Roach  
  133  7:42  Roach  
  133  7:44  Roach  
  134  7:45  Roach  
  134  7:47  Roach  
  134  7:49  Roach  
  133  7:51  Roach  
  133  7:56  Roach x2  
  133  7:58  Roach  
  131  7:59  Roach  
  131  8:01  Roach  
  131  8:04  Roach  
  126  8:06  Roach  
  126  8:08  Roach  
  126  8:10  Roach  
  115  8:13  Roach  
  114  8:20  Roach x2  
  114  8:24  Drone  
  114  8:25  Drone x2  
  121  8:27  Hydralisk  
  121  8:29  Hydralisk  
  121  8:33  Ravager x5  
  130  8:34  Hydralisk  
  130  8:36  Hydralisk  
  130  8:39  Hydralisk  
  136  8:47  Infestation Pit, Hydralisk  
  136  8:48  Hydralisk  
  139  8:49  Hydralisk  
  139  8:53  Overseer  
  141  8:57  Hydralisk  
  141  9:00  Hydralisk  
  145  9:08  Drone x3  
  145  9:09  Drone  
  149  9:12  Zerg Missile Weapons Level 2  
  149  9:18  Hydralisk  
  149  9:19  Hydralisk  
  149  9:20  Hatchery  
  149  9:22  Roach x2  
  150  9:24  Roach  
  150  9:26  Roach  
  150  9:30  Roach  
  144  9:36  Roach x2  
  144  9:37  Roach  
  133  9:40  Roach  
  133  9:43  Roach  
  133  9:44  Roach  
  123  9:48  Roach  
  123  9:52  Roach  
  121  9:54  Roach  
  121  9:56  Roach  
  121  9:59  Ravager x2  
  121  10:00  Roach  
  121  10:02  Roach  
  121  10:05  Roach  
  123  10:09  Roach  
  123  10:11  Roach  
  125  10:14  Roach  
  125  10:17  Roach  
  125  10:19  Roach  
  131  10:22  Roach  
  131  10:23  Ravager  
  131  10:28  Roach x2  
  136  10:32  Drone x2, Hydralisk x2  
  136  10:33  Hydralisk  
  147  10:38  Hydralisk  
  147  10:40  Hydralisk  
  151  10:43  Hydralisk  
  151  10:48  Overlord  
  151  10:49  Overlord  
  153  10:53  Overlord  
  153  10:55  Overlord  
  153  11:03  Overlord  
  153  11:06  Overlord  
  153  11:14  Hydralisk x4  
  158  11:29  Infestor x2  
  158  11:30  Roach  
  158  11:31  Roach x3  
  167  11:33  Roach  
  167  11:35  Roach  
  167  11:36  Roach  
  173  11:43  Ravager x2  
  173  11:44  Ravager  
  176  11:48  Hatchery  
  176  11:51  Roach x2  
  176  12:03  Roach x2  
  176  12:04  Roach  
  176  12:07  Roach  
  182  12:16  Roach  
  182  12:17  Roach x3  
  182  12:21  Roach x2  
  186  12:24  Roach  
  184  12:33  Roach x3  
  184  12:36  Roach  
  175  12:38  Roach  
  175  12:43  Roach  
  175  12:44  Roach  
  179  12:49  Roach  
  179  12:50  Roach  
  140  12:52  Roach  
  140  12:55  Roach  
  99  12:58  Roach  
  99  13:01  Roach  
  99  13:03  Roach x2  
  105  13:06  Ravager  
  105  13:08  Hydralisk  

Tags
 
Add a new tag
Caveats
  • Supply blocks, unpowered buildings, or Contaminate may cause inaccurate times.
  • Supply counts are checked every 10 seconds.